 Dungeon Crawl Stone Soup version 0.26.1-11-gd32895ea62 (webtiles) character file.

Game seed: 1076534089671459056

232 Descartes the Magician (level 5, -20/31 HPs)
             Began as a Deep Elf Chaos Knight on May 29, 2021.
             Was a Plaything of Xom.
             Demolished by a guardian serpent (glowing shapeshifter) (22 damage)
             ... on level 4 of the Dungeon.
             The game lasted 00:07:05 (3693 turns).

Descartes the Magician (Deep Elf Chaos Knight)      Turns: 3693, Time: 00:07:05

Health: -20/31     AC:  6    Str:  9      XL:     5   Next: 73%
Magic:  14/14      EV: 18    Int: 18      God:    Xom [*.....]
Gold:   152        SH:  0    Dex: 13 (14) Spells: 14/14 levels left

rFire    + + .     SeeInvis .   a - +0 short sword (chaos)
rCold    + . .     Faith    .   (no shield)
rNeg     + . .     Spirit   .   v - +1 robe {rF+}
rPois    +         Reflect  .   (no helmet)
rElec    +         Harm     .   (no cloak)
rCorr    +         Rampage  .   w - +0 pair of gloves
Will     +....                  (no boots)
Stlth    ++........             p - amulet of magic regeneration
HPRegen  0.10/turn              e - +4 ring of evasion
MPRegen  0.39/turn              n - ring of positive energy

@: mighty, resistant, attractive
A: icy blue scales 1, strong-willed 1, wild magic 1
a: Renounce Religion


You were on level 4 of the Dungeon.
You worshipped Xom.
You were a special plaything of Xom.
You visited 1 branch of the dungeon, and saw 4 of its levels.

You collected 152 gold pieces.

Inventory:

Hand Weapons
 a - a +0 short sword of chaos (weapon)
Missiles
 k - 46 arrows
 l - 64 stones (quivered)
 t - a throwing net
 z - 14 poisoned darts
Armour
 b - a +2 leather armour
 v - a +1 robe of fire resistance (worn)
 w - a +0 pair of gloves (worn)
Jewellery
 e - a +4 ring of evasion (left hand)
 n - a ring of positive energy (right hand)
 p - an amulet of magic regeneration (around neck)
Scrolls
 c - 5 scrolls of identify {unknown}
 h - a scroll of enchant weapon {unknown}
 i - 5 scrolls of enchant armour {unknown}
 j - 3 scrolls of remove curse {unknown}
 o - a scroll of fog {unknown}
 q - 3 scrolls of teleportation {unknown}
 y - a scroll of random uselessness {unknown}
Potions
 d - a potion of ambrosia {unknown}
 f - a potion of might
 m - a potion of curing {unknown}
 r - a potion of degeneration {unknown}
 u - a potion of magic


   Skills:
 - Level 2.4 Fighting
 + Level 3.8 Short Blades
 - Level 0.7 Armour
 + Level 3.8 Dodging
 + Level 2.8 Stealth
 - Level 5.0 Spellcasting


You had 14 spell levels left.
You didn't know any spells.
Your spell library was empty.

Dungeon Overview and Level Annotations

Branches:
Dungeon (4/15)
 Temple: D:4-7

Altars:
Dithmenos
Gozag
Ru
Yredelemnul
Zin
The Shining One


Innate Abilities, Weirdness & Mutations

You are partially covered in icy blue scales. (AC +2)
You are strong-willed. (Will+)
Your spells are a little harder to cast, but a little more powerful.


Message History

* * * LOW HITPOINT WARNING * * *
Xom roars with laughter!
The lindwurm completely misses you.
The lindwurm claws you but does no damage.
You hit the lindwurm but do no damage.
It was a potion of magic.
Magic courses through your body.
The lindwurm changes into a mana viper!
It was a potion of attraction.
You feel attractive to monsters.
The mana viper changes into a guardian serpent!
The guardian serpent is pulled toward you!
It was a potion of resistance.
You feel protected. The guardian serpent barely misses you.
It was a potion of might.
You feel very mighty all of a sudden. The guardian serpent hits you!!
Ouch! That really hurt!
You die...
Xom thinks this is hilarious!

########
#.[@S.<#
#.####.#
#. ....
#o
.#.###
.. #.#.#
#. # #.#
.. ..#
## ###


You could see a guardian serpent shaped shifter.

Vanquished Creatures
  A scorpion (D:4)
  Natasha (thrice) (D:3)
  5 adders (D:2)
  A worm (D:3)
  A dart slug (D:2)
  A leopard gecko (D:1)
  7 orcs
  7 bats
  3 giant cockroaches
  7 hobgoblins
  A quokka (D:2)
  7 frilled lizards
  2 goblins
  5 kobolds
  2 rats
53 creatures vanquished.

Vanquished Creatures (others)
  11 toadstools (D:4)
11 creatures vanquished.

Grand Total: 64 creatures vanquished

Notes
Turn   | Place    | Note
-------+----------+-------------------------------------------
     0 | D:1      | Descartes the Deep Elf Chaos Knight began the quest for the
                  | Orb.
     0 | D:1      | Reached XP level 1. HP: 13/13 MP: 3/3
   245 | D:1      | Reached skill level 1 in Spellcasting
   485 | D:1      | XOM: divination: detect items
   498 | D:1      | Reached skill level 2 in Spellcasting
   505 | D:1      | Reached XP level 2. HP: 18/18 MP: 7/7
   800 | D:2      | Reached skill level 3 in Spellcasting
   976 | D:2      | Reached XP level 3. HP: 10/22 MP: 10/10
  1258 | D:2      | Reached skill level 4 in Spellcasting
  1262 | D:2      | XOM: butterfly on damage
  1463 | D:2      | XOM: god gift: ring mail {god gift}
  1607 | D:2      | You fall into a shaft and drop 2 floors!
  1608 | D:4      | Noticed a scorpion
  1616 | D:4      | Killed a scorpion
  1617 | D:4      | Reached skill level 5 in Spellcasting
  1617 | D:4      | Reached skill level 1 in Stealth
  1617 | D:4      | Reached XP level 4. HP: 19/27 MP: 13/13
  1709 | D:3      | Found a shadowy altar of Dithmenos.
  1711 | D:3      | Found an opulent altar of Gozag.
  1721 | D:3      | Found a sacrificial altar of Ru.
  1721 | D:3      | Found a basalt altar of Yredelemnul.
  1727 | D:3      | Found a glowing golden altar of the Shining One.
  1733 | D:3      | Found a glowing silver altar of Zin.
  1877 | D:3      | XOM: cloud trail
  1955 | D:3      | XOM: god gift: metallic dark potion {god gift}
  2058 | D:3      | Noticed Natasha
  2070 | D:3      | XOM: cloud trail
  2074 | D:3      | Killed Natasha
  2075 | D:3      | Reached XP level 5. HP: 6/31 MP: 14/14
  2092 | D:3      | Noticed Natasha
  2171 | D:2      | XOM: give mutations
  2171 | D:2      | Gained mutation: Your spells are a little harder to cast,
                  | but a little more powerful. [Xom's grace]
  2171 | D:2      | Gained mutation: You are strong-willed. (Will+) [Xom's
                  | grace]
  2171 | D:2      | Gained mutation: You are partially covered in icy blue
                  | scales. (AC +2) [Xom's grace]
  2558 | D:2      | XOM: noise
  2963 | D:3      | Killed Natasha
  3113 | D:3      | Noticed Natasha
  3115 | D:3      | XOM: noise
  3123 | D:3      | Killed Natasha
  3378 | D:3      | XOM: noise
  3516 | D:4      | XOM: summons 3 hostile demons
  3536 | D:4      | XOM: summons 5 friendly demons
  3683 | D:4      | Noticed a glowing shapeshifter
  3683 | D:4      | an orc wizard changed into a glowing shapeshifter
  3683 | D:4      | Noticed a moth of wrath
  3683 | D:4      | a glowing shapeshifter changed into a moth of wrath
  3685 | D:4      | Noticed a lindwurm
  3685 | D:4      | a moth of wrath changed into a lindwurm
  3688 | D:4      | HP: 1/31 [lindwurm (glowing shapeshifter) (16)]
  3690 | D:4      | Noticed a mana viper
  3690 | D:4      | a lindwurm changed into a mana viper
  3691 | D:4      | Noticed a guardian serpent
  3691 | D:4      | a mana viper changed into a guardian serpent
  3693 | D:4      | Demolished by a guardian serpent (glowing shapeshifter)

Illustrated notes

Levels and vault maps discovered:
D:1:      eino_arrival_water_star, layout_basic, amethyst_killhole
D:2:      layout_loops_ring
D:3:      kennysheep_six_static_rooms, layout_basic, grunt_temple_overflow_open,
          uniq_natasha
D:4:      cheibrodos_fertilizer, layout_loops_corners, minmay_misc_feat_x

Skill      XL: |  1  2  3  4 |
---------------+-------------+-----
Spellcasting   | 2 3 5 |  5.0
Stealth        | 1 2 |  2.8
Dodging        | 3 |  3.8
Fighting       | |  2.4
Short Blades   | |  3.8
Armour         | |  0.7

Action                   |  1- 3 |  4- 6 || total
-------------------------+-------+-------++-------
Melee: Short sword       |    84 |   181 ||   265
  Use: Potion            |     2 |     5 ||     7
 Stab: Sleeping          |     1 |     3 ||     4
       Petrifying        |     1 |       ||     1
       Petrified         |     1 |       ||     1
       Confused          |       |     2 ||     2
       Paralysed         |       |     2 ||     2
Armor: Leather armour    |    19 |    15 ||    34
       Robe              |       |    29 ||    29
Dodge: Dodged            |    39 |   179 ||   218
